 Dungeon Crawl Stone Soup version 0.29.1-13-g9f3cf754e1 (webtiles) character file.

Game seed: 17391094352131468410

1692 Heoruswealwe the Reanimator (level 8, -6/41 HPs)
             Began as a Deep Elf Necromancer on Feb 7, 2023.
             Killed by an exploding quasit (35 damage)
             ... ignited by their inner flame
             ... on level 6 of the Dungeon.
             The game lasted 02:13:12 (8061 turns).

Heoruswealwe the Reanimator (Deep Elf Necromancer)  Turns: 8061, Time: 02:13:12

Health: -6/41      AC:  7    Str:  5      XL:     8   Next: 72%
Magic:  24/24      EV: 12    Int: 23      God:
Gold:   46         SH:  0    Dex:  9 (15) Spells: 23/27 levels left

rFire   . . .      SeeInvis .   x - +4 dagger (venom)
rCold   . . .      Faith    .   (no shield)
rNeg    . . .      Spirit   .   a - +0 robe
rPois   +          Reflect  .   (no helmet)
rElec   .          Harm     .   (no cloak)
rCorr   .          Rampage  .   (no gloves)
Will    +....                   i - +0 pair of boots "Toisuem" {rPois Will+}
Stlth   ++........              y - amulet of magic regeneration
HPRegen 0.13/turn               r - +4 ring of protection
MPRegen 0.59/turn               (no ring)

@: no status effects
A: no striking features
a: no special abilities


You were on level 6 of the Dungeon.
You visited 2 branches of the dungeon, and saw 9 of its levels.

You collected 359 gold pieces.
You spent 313 gold pieces at shops.

Inventory:

Hand Weapons
 x - a +4 dagger of venom (weapon)
Missiles
 f - 5 stones
Armour
 a - a +0 robe (worn)
 g - a +0 scale mail
 i - the +0 pair of boots "Toisuem" (worn) {rPois Will+}
   (You bought it in a shop on level 7 of the Dungeon)

   rPois:     It protects you from poison.
   Will:      It increases your willpower.
 B - a +0 pair of boots
Jewellery
 r - a +4 ring of protection (left hand)
 y - an amulet of magic regeneration (around neck)
Scrolls
 b - a scroll of immolation
 d - 3 scrolls of teleportation
 h - a scroll of blinking
 m - a scroll of enchant weapon
 n - a scroll of magic mapping
 z - a scroll of noise
 C - a scroll of summoning
 U - a scroll of enchant armour
Potions
 c - a potion of flight {unknown}
 e - 2 potions of attraction {unknown}
 j - 3 potions of degeneration {unknown}
 l - a potion of mutation {unknown}
 o - 2 potions of might {unknown}
 s - 5 potions of lignification {unknown}
 D - a potion of berserk rage {unknown}
 J - a potion of cancellation {unknown}
 M - a potion of ambrosia


   Skills:
 + Level 0.2 Fighting
 + Level 0.2 Short Blades
 + Level 3.5 Dodging
 + Level 3.0 Stealth
 + Level 10.2 Spellcasting
 + Level 10.3 Necromancy
 + Level 1.6 Evocations


You had 23 spell levels left.
You knew the following spells:

 Your Spells              Type           Power      Damage    Failure   Level
a - Necrotise             Necr           100%       1d9       1%          1
b - Vampiric Draining     Necr           56%        2d10      1%          3

Your spell library contained the following spells:

 Spells                   Type           Power      Damage    Failure   Level
 Animate Dead             Necr           56%        N/A       1%          4
 Agony                    Necr           56%        N/A       2%          5
 Slow                     Hex            44%        N/A       5%          1
 Call Canine Familiar     Summ           11%        N/A       17%         3
 Confusing Touch          Hex            11%        N/A       17%         3
 Portal Projectile        Hex/Tloc       22%        N/A       17%         3
 Leda's Liquefaction      Hex/Erth       5%         N/A       50%         4
 Summon Ice Beast         Ice/Summ       11%        N/A       50%         4
 Summon Mana Viper        Hex/Summ       11%        N/A       83%         5
 Monstrous Menagerie      Summ           5%         N/A       100%        7


Dungeon Overview and Level Annotations

Branches:
Dungeon (8/15)             Temple (1/1) D:4
   Lair: D:8-11

Altars:
Ashenzari
Cheibriados
Dithmenos
Elyvilon
Fedhas
Gozag
Hepliaklqana
Kikubaaqudgha
Makhleb
Nemelex Xobeh
Qazlal
Ru
Sif Muna
Trog
Uskayaw
Wu Jian
Xom
Yredelemnul

Shops:
D:7 [![(=

Annotations:
D:6 1 transporter, Gabide's ghost, novice DgCj


Message History

Aim: a quasit (chance to affect: 78%)
The quasit's mind is blasted!!
You blow up the quasit!
The now-empty wand crumbles to dust.
The quasit closely misses you. The quasit barely misses you.
The quasit claws you. The quasit barely misses you.
The quasit claws you but does no damage.
The quasit closely misses you. The quasit barely misses you.
The quasit claws you but does no damage.
The quasit barely misses you.
Really read the scroll of immolation?
As you read the scroll of immolation, it crumbles to dust.
The creatures around you are filled with an inner flame!
The quasit bites you but does no damage.
The quasit claws you but does no damage.
The quasit closely misses you.
Gabide's ghost keens inconsolably.
Gabide's ghost hits you but does no damage.
You are poisoned.
The quasit bites you but does no damage.
The quasit claws you but does no damage.
The quasit claws you.
You feel clumsy. The quasit bites you.
The quasit claws you but does no damage.
The quasit barely misses you.
You feel better.
Flame seeps out of the quasit.
Gabide's ghost misses you. The quasit bites you.
You feel clumsy.
The quasit claws you but does no damage.
The quasit barely misses you.
The quasit is engulfed in blazing flames.
Flame seeps out of the quasit.
The quasit bites you. The quasit barely misses you. x2
You hit the quasit but do no damage.
The quasit is almost dead.
The quasit explodes!
The fiery explosion engulfs you!!
Ouch! That really hurt!
You die...

##.## #.# ##.#...#.#..#.# #...
#...###.# #..#...#.#..#.# #..#
.....##.# #.##.#....(##.###..#
.<......# #.#.#...#..#...##..#
.....#### #.#...#©.=[#©...#..#
#...## ##.##.....#$#..##...#
##.## ##..©#.#...#.##.#.##.# #.#
##...##W*##.#. #..###.# #.#
#..#.#@○§#...#.#.####..
#.########.##.##5§..#..##.......
#..........##..##..©...#..######
#######.######..#####.##..# #.#
##.....###...#
##.#######.##........#
#.............#####..#
#..#######.##....##..# #..#
#.#####.#...######


You could see a quasit (inner flame), a battlesphere (distracted) and Gabide's
ghost (inner flame).

Vanquished Creatures
  Edmund (D:6)
  A phantom (D:6)
  2 bullfrogs (D:7)
  2 scorpions
  A gnoll sergeant (D:5)
  3 howler monkeys (D:5)
  2 quasits (D:6)
  3 jellies
  5 hounds
  An orc priest (D:7)
  6 iguanas
  A gnoll bouda (D:5)
  Terence (D:3)
  6 orc wizards
  12 gnolls (D:5)
  5 adders
  3 white imps
  An ufetubus (D:4)
  3 worms
  3 dart slugs
  36 orcs
  6 ball pythons
  4 bats
  3 endoplasms (D:2)
  2 giant cockroaches
  4 goblins
  5 hobgoblins
  12 jackals (D:5)
  4 quokkas
  5 frilled lizards
  4 kobolds
  4 rats
151 creatures vanquished.

Vanquished Creatures (collateral kills)
  A hound (D:5)
  3 gnolls (D:5)
  2 worms
  A ball python (D:3)
  A jackal (D:5)
  A kobold (D:4)
  A bat (D:3)
  2 frilled lizards
  2 rats (D:1)
14 creatures vanquished.

Vanquished Creatures (others)
  6 fungi
  24 plants
30 creatures vanquished.

Grand Total: 195 creatures vanquished

Notes
Turn   | Place    | Note
-------+----------+-------------------------------------------
     0 | D:1      | Heoruswealwe the Deep Elf Necromancer began the quest for
                  | the Orb.
     0 | D:1      | Reached XP level 1. HP: 10/10 MP: 6/6
    59 | D:1      | Reached skill level 5 in Necromancy
   333 | D:2      | Reached XP level 2. HP: 15/15 MP: 6/8
   401 | D:1      | Found a faded altar of an unknown god.
   466 | D:1      | Prayed at the altar of an unknown god.
   466 | D:1      | Became a worshipper of Ashenzari the Shackled
   468 | D:1      | Fell from the grace of Ashenzari
   708 | D:1      | Reached XP level 3. HP: 18/19 MP: 7/10
  1598 | D:3      | Was forgiven by Ashenzari
  1629 | D:3      | Reached XP level 4. HP: 20/24 MP: 10/12
  1674 | D:3      | Learned a level 3 spell: Vampiric Draining
  1772 | D:3      | Noticed Terence
  1781 | D:3      | Killed Terence
  1913 | D:3      | Reached skill level 5 in Spellcasting
  2200 | D:4      | Reached XP level 5. HP: 28/28 MP: 9/14
  3129 | D:5      | Entered Level 5 of the Dungeon
  3191 | D:4      | Reached XP level 6. HP: 32/32 MP: 10/17
  3607 | D:4      | Found a staircase to the Ecumenical Temple.
  3618 | Temple   | Entered the Ecumenical Temple
  4437 | D:1      | You fall into a shaft and drop 1 floor!
  4624 | D:5      | Reached XP level 7. HP: 36/36 MP: 16/19
  4955 | D:5      | Found an ornate altar of the Wu Jian Council.
  5761 | D:5      | Reached XP level 8. HP: 41/41 MP: 19/22
  5942 | D:5      | Found a snail-covered altar of Cheibriados.
  6429 | D:6      | Found a transporter.
  6439 | D:6      | Noticed Gabide's ghost (novice DgCj)
  6446 | D:6      | Found a transporter.
  6618 | D:6      | Noticed Edmund
  6627 | D:6      | Killed Edmund
  6628 | D:6      | Reached skill level 1 in Evocations
  6770 | D:7      | Found Ogan Rar's Antique Armour Emporium.
  6961 | D:7      | Found Ehuot's Distillery.
  7054 | D:7      | Reached skill level 10 in Spellcasting
  7093 | D:7      | Reached skill level 10 in Necromancy
  7207 | D:7      | Found Pases's Jewellery Emporium.
  7300 | D:7      | Found Perinuen's Antique Armour Boutique.
  7392 | D:7      | Found Feko Sent's Antique Weapon Emporium.
  7846 | D:7      | Bought a pair of steaming boots for 313 gold pieces
  7846 | D:7      | Identified the +0 pair of boots "Toisuem" {rPois Will+}
                  | (You bought it in a shop on level 7 of the Dungeon)
  8061 | D:6      | Killed by an exploding quasit... ignited by their inner
                  | flame

Illustrated notes

Levels and vault maps discovered:
D:1:      psy_arrival_spokes, layout_loops_ring,
          dreamdust_ecumenical_altar_grove
D:2:      layout_rooms, minmay_tetromino_s2
D:3:      minmay_recursive_quarters, layout_basic, serial_corexii_hall,
          corexii_hall_statues_l, corexii_hall_statues_t, uniq_terence
D:4:      layout_basic, temple_statues, portal_sewer_entry_e
D:5:      lemuel_castle_with_subvaults [lemuel_castle_interior_carwin_2],
          layout_rooms, cheibrodos_worm_habitat,
          mainiacjoe_overflow_surrounded_room, chequers_decorated_corner,
          chequers_serial_rivers_small_3, minmay_liquid_box
D:6:      layout_loops_ring, gammafunk_ghost_stat_death, uniq_edmund
D:7:      layout_loops_cross, serial_shops, nicolae_shop_stone,
          kennysheep_little_box, nicolae_shop_hallway_stairs, shop, shop,
          kennysheep_windowed_goal
D:8:      layout_cave_pods, mainiacjoe_overflow_swirl, serial_column_ruins,
          column_ruins_open_small, column_ruins_corridor_corner,
          column_ruins_columns_straight, column_ruins_grid_4,
          column_ruins_grid_3, kennysheep_path_1, glass_columns_c, uniq_maurice
Temple:   eino_temple_scatter_basement

Skill      XL: |  1  2  3  4  5  6  7  8 |
---------------+-------------------------+-----
Necromancy     | 5 6 7 9 10 | 10.3
Spellcasting   | 4 5 6 7 8 10 | 10.2
Dodging        | 3 |  3.5
Evocations     | 1 |  1.6
Stealth        | 3 |  3.0
Fighting       | |  0.2
Short Blades   | |  0.2

Action                   |  1- 3 |  4- 6 |  7- 9 || total
-------------------------+-------+-------+-------++-------
Melee: Hand axe          |    33 |       |       ||    33
       Punch             |     1 |     1 |     2 ||     4
       Dagger            |       |     6 |    78 ||    84
 Cast: Necrotise         |    76 |    85 |   126 ||   287
       Vampiric Draining |       |    18 |    58 ||    76
Invok: Renounce Religion |     1 |       |       ||     1
Evoke: Wand              |       |       |    15 ||    15
  Use: Potion            |     1 |       |     1 ||     2
       Scroll            |       |     5 |     5 ||    10
Armor: Robe              |     4 |     8 |    76 ||    88
Dodge: Dodged            |    16 |    11 |   101 ||   128
